 Dungeon Crawl Stone Soup version 0.31-a0-190-g4feb4907b2 (webtiles) character file.

Game seed: 14662796436117803148

51 qw the Shooter (level 3, -1/20 HPs)
             Began as a Deep Elf Hunter on June 23, 2023.
             Slain by a goblin
             ... wielding a +0 club
              (4 damage)
             ... on level 3 of the Dungeon.
             The game lasted 00:00:31 (1430 turns).

qw the Shooter (Deep Elf Hunter)                    Turns: 1430, Time: 00:00:31

Health: -1/20      AC:  3    Str: 10    XL:     3   Next: 57%
Magic:  5/5        EV: 12    Int: 13    God:
Gold:   132        SH:  0    Dex: 18    Spells: 2/2 levels left

rFire   . . .        Y - +0 shortbow
rCold   . . .        (shield currently unavailable)
rNeg    . . .        c - +0 leather armour
rPois   +            (no helmet)
rElec   .            (no cloak)
rCorr   .            (no gloves)
SInv    .            (no boots)
Will    .....        (no amulet)
Stlth   ++           k - ring of poison resistance
HPRegen 0.23/turn    (no ring)
MPRegen 0.09/turn

%: no passive effects
@: no status effects
A: no striking features
a: no special abilities


You were on level 3 of the Dungeon.
You visited 1 branch of the dungeon, and saw 3 of its levels.

You collected 132 gold pieces.


   Skills:
 - Level 1.5 Fighting
 + Level 7.1 Ranged Weapons
 - Level 2.4 Dodging
 - Level 1.2 Stealth


You had 2 spell levels left.
You didn't know any spells.
Your spell library was empty.

Inventory:

Hand Weapons
 Y - a +0 shortbow (weapon)
Armour
 a - a scarf of resistance
 c - a +0 leather armour (worn)
Jewellery
 k - a ring of poison resistance (left hand)
Scrolls
 b - a scroll of identify
Potions
 d - a potion of enlightenment {unknown}
 e - a potion of curing
 g - a potion of mutation {unknown}
 i - a potion of might {unknown}
 j - a potion of berserk rage {unknown}

Dungeon Overview and Level Annotations

Branches:
Dungeon (3/15)

Altars:
Ru


Message History

Enter note: An orc comes into view. It is wielding a +0 hand axe of venom.
The orc shouts!
Enter note:
Enter note: You shoot an arrow.
The arrow barely misses the orc.
You shoot an arrow. The arrow completely misses the orc.
You shoot an arrow. The arrow barely misses the orc.
A goblin comes into view. It is wielding a +0 club.
You shoot an arrow. The arrow closely misses the orc.
The goblin shouts!
You shoot an arrow. The arrow closely misses the orc.
The orc hits you with a +0 hand axe of venom.
You are poisoned.
You shoot an arrow. The arrow hits the orc.
The orc is moderately wounded.
You feel very sick.
The orc hits you with a +0 hand axe of venom.
You shoot an arrow. The arrow closely misses the orc.
You feel sick. The orc closely misses you. The goblin barely misses you.
You shoot an arrow. The arrow hits the orc.
You kill the orc!
You feel sick. The goblin hits you with a +0 club.
You shoot an arrow.
The arrow hits the goblin but does no damage.
You feel sick. The goblin misses you.
An endoplasm comes into view.
You shoot an arrow. The arrow closely misses the goblin.
You feel sick. The goblin misses you.
You shoot an arrow. The arrow misses the goblin.
The arrow hits the endoplasm but does no damage.
You feel sick. The goblin hits you with a +0 club.
You shoot an arrow. The arrow barely misses the endoplasm.
You feel sick. The goblin closely misses you. The endoplasm barely misses you.
You shoot an arrow. The arrow hits the endoplasm.
The endoplasm is almost dead.
You feel sick.
You are no longer poisoned.
The goblin hits you with a +0 club.
You die...

#.# #...#..##.
#.####<..#.....
######...........##.
#.......###..##.###.
#...................
#...####.####.#.....
#...##.....##.#.##..
###.#.......#.#'##.)
#@#.......#....#..
#gJ..._........#..
#.#.......#....#..
...#.......#.......
##.##.....##.#.###.
..####.####.<.....
... ..... ..#####
..#........## #..#.
.)


You could see an endoplasm and a goblin.

Vanquished Creatures
  An adder (D:2)
  A worm (D:2)
  An orc (D:3)
  7 bats
  3 endoplasms
  2 giant cockroaches
  8 hobgoblins (D:1)
  3 ball pythons
  3 frilled lizards (D:1)
  4 goblins
  A kobold (D:1)
34 creatures vanquished.

Notes
Turn   | Place    | Note
-------+----------+-------------------------------------------
     0 | D:1      | qw the Deep Elf Hunter began the quest for the Orb.
     0 | D:1      | Reached XP level 1. HP: 12/12 MP: 3/3
     0 | D:1      | 0 ||| qw: Version: 0.3-a-9-g12657ce
     0 | D:1      | 0 ||| qw: Game counter: 4538
     0 | D:1      | 0 ||| qw: Always use a shield: true
     0 | D:1      | 0 ||| qw: God list: Okawaru
     0 | D:1      | 0 ||| qw: Allow faded altars: false
     0 | D:1      | 0 ||| qw: Do Orc after D:15 true
     0 | D:1      | 0 ||| qw: Do second Lair branch before Depths: true
     0 | D:1      | 0 ||| qw: Lair rune preference: random
     0 | D:1      | 0 ||| qw: Plans: Normal
     0 | D:1      | 0 ||| PLANNING D:1-11
   285 | D:1      | Reached XP level 2. HP: 16/16 MP: 4/4
   319 | D:1      | Reached skill level 6 in Ranged Weapons
   844 | D:1      | 844 ||| DROPPING ring of flight.
   845 | D:1      | 845 ||| UPGRADING to ring of poison resistance.
   846 | D:1      | 846 ||| READING scroll labelled MET XEYTUY.
   847 | D:1      | 847 ||| READING scroll labelled PEIFIZXOEGA.
   848 | D:1      | 848 ||| DROPPING scroll of butterflies.
   920 | D:2      | Reached XP level 3. HP: 20/20 MP: 5/5
  1346 | D:2      | 1346 ||| READING scroll labelled MIR AVOEMI.
  1349 | D:2      | 1349 ||| READING scroll labelled PEUDWO XO ZYSAERETS.
  1350 | D:2      | 1350 ||| DRINKING 2 coppery potions.
  1367 | D:3      | Reached skill level 7 in Ranged Weapons
  1398 | D:3      | Found a sacrificial altar of Ru.
  1428 | D:3      | HP: 4/20 [goblin/+0 club (3)]
  1430 | D:3      | Slain by a goblin

Levels and vault maps discovered:
D:1:      wander_arrival_fairy_ring, layout_basic
D:2:      layout_basic
D:3:      layout_basic, old_standard_altar, corexii_shack

Skill      XL: |  1  2  3 |
---------------+----------+-----
Ranged Weapons | 6 7 |  7.1
Fighting       | |  1.5
Dodging        | |  2.4
Stealth        | |  1.2

Action                     || total
---------------------------++-------
   Fire: Shortbow          ||   104
    Use: Scroll            ||     4
         Potion            ||     1
 Armour: Leather armour    ||    14
  Dodge: Dodged            ||    36

Table legend:
 A = Non-vault XP
 B = Vault XP
 C = Vault XP percentage of total XP
 D = Non-vault monster count
 E = Vault monster count
 F = Vault count percentage of total count
                 A         B        C        D         E       F
            +---------+---------+-------+---------+---------+-------
      Total |      73 |       0 |   0.0 |      34 |       0 |   0.0
            +---------+---------+-------+---------+---------+-------
        D:1 |      37 |       0 |   0.0 |      22 |       0 |   0.0
        D:2 |      25 |       0 |   0.0 |       7 |       0 |   0.0
        D:3 |      11 |       0 |   0.0 |       5 |       0 |   0.0
            +---------+---------+-------+---------+---------+-------
